[Event "Asian Amateur Rapid 2024"]
[Site "Al Ain"]
[Date "2024.12.15"]
[Round "2.42"]
[White "Mohammed Hamad Alkhemeiri"]
[Black "Amrit Adhikari"]
[Result "1-0"]
[ECO "C55"]
[WhiteElo "1482"]
[BlackElo "1602"]
[Annotator "NA RC"]
[PlyCount "83"]
[EventDate "2024.12.15"]
[EventType "swiss"]
[EventCountry "UAE"]
[SourceTitle "playchess.com"]
[Source "ChessBase"]
[SourceQuality "1"]
[TimeControl "900+10"]

1. e4 e5 2. Nf3 Nc6 3. Bc4 Nf6 4. d3 Be7 5. Nc3 d6 6. h3 Na5 7. Bb3 Nxb3 8. axb3 O-O 9. Be3 Be6 10. O-O Nd7 11. d4 f5 12. dxe5 dxe5 13. exf5 Bxf5 14. Qd5+ Kh8 15. Nxe5 Nxe5 16. Qxe5 Bd6 17. Qd4 b6 18. Nb5 a5 19. Nxd6 Qxd6 20. Qxd6 cxd6 21. Bxb6 Bxc2 22. Rxa5 Rxa5 23. Bxa5 Bxb3 24. Re1 d5 25. Re3 Ba4 26. Ra3 Bb5 27. Bc3 Rd8 28. Bd4 h6 29. Ra7 Rg8 30. Rb7 Bc6 31. Rc7 Ba8 32. b4 Kh7 33. b5 Kg6 34. b6 Rb8 35. Rxg7+ Kh5 36. g4+ Kh4 37. Kh2 Rf8 38. Rg6 Rf3 39. Bf6+ Rxf6 40. Rxf6 Kg5 41. Rf7 Kg6 42. b7 1-0

[Event "Asian Amateur Rapid 2024"]
[Site "Al Ain"]
[Date "2024.12.15"]
[Round "2.43"]
[White "KHALID ALHAWAY"]
[Black "Sinno, Abdul Salam"]
[Result "0-1"]
[ECO "B40"]
[WhiteElo "1529"]
[BlackElo "1527"]
[Annotator "NA RC"]
[PlyCount "70"]
[EventDate "2024.12.15"]
[EventType "swiss"]
[EventCountry "UAE"]
[SourceTitle "playchess.com"]
[Source "ChessBase"]
[SourceQuality "1"]
[TimeControl "900+10"]

1. e4 c5 2. Nf3 e6 3. d3 Qc7 4. g3 h5 5. Nc3 a6 6. Bf4 d6 7. e5 d5 8. d4 cxd4 9. Qxd4 Nc6 10. Qa4 Bb4 11. Qb3 d4 12. O-O-O dxc3 13. bxc3 Bc5 14. Rd2 b5 15. c4 Na5 16. Qd3 bxc4 17. Qc3 Bb7 18. Bg2 Ne7 19. Kd1 Nd5 20. Qa1 Bb4 21. Rxd5 Bxd5 22. Qb1 Rb8 23. Ke2 Bc3 24. Qd1 Rd8 25. Kf1 Qb6 26. Nd2 Bxg2+ 27. Kxg2 Bxd2 28. Bxd2 c3 29. Be3 Qc6+ 30. Qf3 Qxf3+ 31. Kxf3 Nc6 32. Bb6 Rd5 33. Bc7 Nxe5+ 34. Ke4 Ng4 35. f3 Nf2+ 0-1

[Event "Asian Amateur Rapid 2024"]
[Site "Al Ain"]
[Date "2024.12.15"]
[Round "3.1"]
[White "Bigabylov, Zhuban"]
[Black "Vivaan Sachdev"]
[Result "0-1"]
[ECO "D85"]
[WhiteElo "1907"]
[BlackElo "1824"]
[Annotator "RC"]
[PlyCount "114"]
[EventDate "2024.12.15"]
[EventType "swiss"]
[EventCountry "UAE"]
[SourceTitle "playchess.com"]
[Source "ChessBase"]
[SourceQuality "1"]
[TimeControl "900+10"]

1. d4 Nf6 2. c4 g6 3. Nc3 d5 4. cxd5 Nxd5 5. e4 Nxc3 6. bxc3 Bg7 7. Nf3 c5 8. Rb1 Qa5 9. Rb5 Qxc3+ 10. Bd2 Qa3 11. Rxc5 Nc6 12. Bb5 O-O 13. Bxc6 bxc6 14. O-O Bg4 15. Be3 Qxa2 16. Rxc6 Rfd8 17. d5 a5 18. Rc7 e6 19. d6 Be5 20. Bc5 Ra6 21. Nxe5 Bxd1 22. Nxf7 e5 23. Rxd1 Qxf7 24. Rxf7 Kxf7 25. Rb1 Rc6 26. Ba3 Rc3 27. Rb7+ Kf6 28. Bb2 Rxd6 29. h4 Rc2 30. Ba3 Rd1+ 31. Kh2 Rxf2 32. Rb6+ Kg7 33. Rb7+ Rf7 34. Rb5 Rd3 35. Rxa5 Rf4 36. Ra7+ Kf6 37. Ra6+ Kf7 38. Ra7+ Ke6 39. Ra6+ Kd7 40. Ra7+ Kc6 41. Be7 Rxe4 42. Bg5 Rd7 43. Ra6+ Kb5 44. Re6 Re2 45. Kh3 e4 46. g3 Kc4 47. Kg4 Kd5 48. Ra6 Rf2 49. Ra5+ Ke6 50. Bf4 Kf7 51. h5 Re7 52. Ra3 gxh5+ 53. Kxh5 Rf3 54. Ra5 e3 55. Ra1 e2 56. Bd2 Rd3 57. Be1 Rd1 0-1

[Event "Asian Amateur Rapid 2024"]
[Site "Al Ain"]
[Date "2024.12.15"]
[Round "3.2"]
[White "Yahya Shuaib Al Kaff"]
[Black "Ahmad, Al Romaithi"]
[Result "0-1"]
[ECO "D26"]
[WhiteElo "1879"]
[BlackElo "1976"]
[Annotator "RC"]
[PlyCount "64"]
[EventDate "2024.12.15"]
[EventType "swiss"]
[EventCountry "UAE"]
[SourceTitle "playchess.com"]
[Source "ChessBase"]
[SourceQuality "1"]
[TimeControl "900+10"]

1. d4 d5 2. c4 dxc4 3. Nf3 Nf6 4. e3 e6 5. Bxc4 c5 6. O-O Nc6 7. Nc3 cxd4 8. exd4 Be7 9. Bf4 O-O 10. Rc1 a6 11. a4 Qa5 12. Qe2 Re8 13. Rfd1 Nb4 14. Ne5 Nbd5 15. Bd2 Qb6 16. Be1 Bb4 17. Nd3 Bd6 18. Nxd5 Nxd5 19. Qe4 Nf6 20. Qf3 Bd7 21. Ne5 Bxa4 22. b3 Bb5 23. g4 Bxe5 24. dxe5 Bc6 25. Qf4 Nd5 26. Qg3 a5 27. Bd3 Nb4 28. Bb1 Rad8 29. Qh4 g6 30. Bd2 Qd4 31. Rc4 Qxe5 32. Re1 Rxd2 0-1

[Event "Asian Amateur Rapid 2024"]
[Site "Al Ain"]
[Date "2024.12.15"]
[Round "3.3"]
[White "Rashid Husain Alhammadi"]
[Black "Umarov, Mukhammadrizo"]
[Result "1-0"]
[ECO "C11"]
[WhiteElo "1914"]
[BlackElo "1902"]
[Annotator "RC"]
[PlyCount "45"]
[EventDate "2024.12.15"]
[EventType "swiss"]
[EventCountry "UAE"]
[SourceTitle "playchess.com"]
[Source "ChessBase"]
[SourceQuality "1"]
[TimeControl "900+10"]

1. e4 e6 2. d4 d5 3. Nc3 Nf6 4. e5 Nfd7 5. Nce2 c5 6. c3 Nc6 7. Nf3 a6 8. g3 b5 9. Bg2 b4 10. O-O a5 11. a3 Ba6 12. axb4 axb4 13. Re1 Be7 14. Nf4 O-O 15. Bh3 Nb6 16. dxc5 Bxc5 17. Nd4 Bxd4 18. cxd4 Kh8 19. Nh5 Ne7 20. Bg5 Qd7 21. Nxg7 Kxg7 22. Bf6+ Kg8 23. Qh5 1-0

[Event "Asian Amateur Rapid 2024"]
[Site "Al Ain"]
[Date "2024.12.15"]
[Round "3.4"]
[White "AbuAzizah, Raji"]
[Black "Saqar Essa Khamis"]
[Result "1-0"]
[ECO "B78"]
[WhiteElo "2161"]
[BlackElo "1684"]
[Annotator "RC"]
[PlyCount "69"]
[EventDate "2024.12.15"]
[EventType "swiss"]
[EventCountry "UAE"]
[SourceTitle "playchess.com"]
[Source "ChessBase"]
[SourceQuality "1"]
[TimeControl "900+10"]

1. e4 c5 2. Nf3 d6 3. d4 cxd4 4. Nxd4 Nf6 5. Nc3 g6 6. Be3 Bg7 7. Bc4 O-O 8. f3 Nc6 9. Qd2 Ne5 10. Bb3 Bd7 11. O-O-O Rc8 12. Kb1 a6 13. g4 h5 14. Bh6 hxg4 15. Bxg7 Kxg7 16. f4 Nc4 17. Bxc4 Rxc4 18. e5 Nh5 19. Rhg1 Qa5 20. Nb3 Qc7 21. Nd5 Qd8 22. exd6 exd6 23. Na5 Re4 24. Qc3+ Kh7 25. h3 g3 26. Rxg3 Nxg3 27. Nxb7 Qh4 28. Nf6+ Kh6 29. Nxd7 Rfe8 30. Nxd6 Qxf4 31. Nf6 Ne2 32. Nxf7+ Kg7 33. Nh5+ Kxf7 34. Qg7+ Ke6 35. Qd7+ 1-0

[Event "Asian Amateur Rapid 2024"]
[Site "Al Ain"]
[Date "2024.12.15"]
[Round "3.5"]
[White "Hamdan Edrees, Alhamed"]
[Black "Fedorov, Grigory"]
[Result "1-0"]
[ECO "A62"]
[WhiteElo "1939"]
[BlackElo "1916"]
[Annotator "RC"]
[PlyCount "75"]
[EventDate "2024.12.15"]
[EventType "swiss"]
[EventCountry "UAE"]
[SourceTitle "playchess.com"]
[Source "ChessBase"]
[SourceQuality "1"]
[TimeControl "900+10"]

1. c4 Nf6 2. Nc3 g6 3. g3 Bg7 4. Bg2 O-O 5. d4 d6 6. Nf3 c5 7. d5 e6 8. O-O exd5 9. cxd5 Bf5 10. Nh4 Bd7 11. Bf4 Qe7 12. Qd2 Re8 13. Rfe1 b5 14. e4 b4 15. Nd1 Ng4 16. Bf1 Ne5 17. Kh1 Bg4 18. Bg5 Bf6 19. Bxf6 Qxf6 20. f4 Nf3 21. Nxf3 Bxf3+ 22. Bg2 Bxg2+ 23. Kxg2 Nd7 24. Nf2 h5 25. Nh3 a5 26. Ng5 Rac8 27. a3 Nb6 28. axb4 axb4 29. Ra7 Nc4 30. Qf2 Qxb2 31. Re2 Qd4 32. Nxf7 Rxe4 33. Nh6+ Kf8 34. f5 Qxf2+ 35. Rxf2 g5 36. f6 Ne5 37. Rg7 g4 38. Rg8# 1-0

[Event "Asian Amateur Rapid 2024"]
[Site "Al Ain"]
[Date "2024.12.15"]
[Round "3.6"]
[White "Shelke Omkar"]
[Black "Soud, Jaber"]
[Result "1-0"]
[ECO "D32"]
[WhiteElo "1764"]
[BlackElo "1956"]
[Annotator "RC"]
[PlyCount "119"]
[EventDate "2024.12.15"]
[EventType "swiss"]
[EventCountry "UAE"]
[SourceTitle "playchess.com"]
[Source "ChessBase"]
[SourceQuality "1"]
[TimeControl "900+10"]

1. d4 Nf6 2. c4 e6 3. Nf3 d5 4. Nc3 c5 5. cxd5 exd5 6. Bg5 Be6 7. dxc5 Bxc5 8. e3 O-O 9. Be2 Be7 10. Nd4 Nc6 11. O-O h6 12. Bh4 Qb6 13. Nxe6 fxe6 14. Na4 Qb4 15. Bg3 Ne4 16. a3 Qa5 17. Bg4 Rf6 18. b4 Qd8 19. b5 Nxg3 20. hxg3 Ne5 21. Be2 Rc8 22. Qd4 Nc4 23. Bxc4 dxc4 24. Qxd8+ Bxd8 25. Rfd1 Rf5 26. Rab1 c3 27. Rdc1 Bf6 28. e4 Rh5 29. Rb4 a5 30. bxa6 bxa6 31. Nb6 Rc6 32. Nd7 Be7 33. Rb3 c2 34. e5 Rc7 35. Nb8 Rxe5 36. Nxa6 Rc4 37. Nb4 Rec5 38. Rb2 Ra5 39. Rbxc2 Rxc2 40. Rxc2 Rxa3 41. Nc6 Bf6 42. Kf1 Kf7 43. Ke2 Ke8 44. Nb4 Kd7 45. Nd3 Kd6 46. f3 Ra1 47. Nf2 Bd4 48. Ne4+ Ke5 49. Kd3 Rd1+ 50. Ke2 Rg1 51. Kd3 Rd1+ 52. Ke2 Ra1 53. Kd3 Ra3+ 54. Kd2 Ra7 55. Kd3 Ra3+ 56. Kc4 g5 57. Re2 Re3 58. Ra2 Bb6 59. Rb2 Ba7 60. Rb5+ 1-0

[Event "Asian Amateur Rapid 2024"]
[Site "Al Ain"]
[Date "2024.12.15"]
[Round "3.7"]
[White "Mujahid Bin Yazeed"]
[Black "Muhammad Shayan Noushad Ibrahi"]
[Result "1-0"]
[ECO "B23"]
[WhiteElo "1837"]
[BlackElo "1716"]
[Annotator "NA RC"]
[PlyCount "69"]
[EventDate "2024.12.15"]
[EventType "swiss"]
[EventCountry "UAE"]
[SourceTitle "playchess.com"]
[Source "ChessBase"]
[SourceQuality "1"]
[TimeControl "900+10"]

1. e4 c5 2. Nc3 e6 3. a3 d5 4. Bb5+ Nc6 5. d3 Nge7 6. Nge2 d4 7. Bxc6+ Nxc6 8. Nb1 e5 9. O-O Be7 10. f4 exf4 11. Nxf4 Ne5 12. h3 O-O 13. Nd5 Be6 14. Nxe7+ Qxe7 15. Qh5 Ng6 16. b3 f5 17. Bg5 Qd6 18. Nd2 Rae8 19. Rae1 Bf7 20. exf5 Rxe1 21. Rxe1 Qg3 22. Rf1 Bd5 23. Ne4 Bxe4 24. dxe4 Nh8 25. Bf4 Qc3 26. Bd6 Rf7 27. Qe2 g6 28. f6 Qa5 29. e5 Qd8 30. Qc4 b6 31. Be7 Qc7 32. e6 Rxe7 33. fxe7 Qxe7 34. Qd5 h6 35. Qd7 1-0

[Event "Asian Amateur Rapid 2024"]
[Site "Al Ain"]
[Date "2024.12.15"]
[Round "3.8"]
[White "Hamad Shuaib Al Kaff"]
[Black "Farhaan, M."]
[Result "1-0"]
[ECO "B06"]
[WhiteElo "1710"]
[BlackElo "1695"]
[Annotator "NA RC"]
[PlyCount "151"]
[EventDate "2024.12.15"]
[EventType "swiss"]
[EventCountry "UAE"]
[SourceTitle "playchess.com"]
[Source "ChessBase"]
[SourceQuality "1"]
[TimeControl "900+10"]

1. e4 d6 2. Nc3 Nf6 3. g3 g6 4. Bg2 Bg7 5. d3 e5 6. h3 O-O 7. Be3 c6 8. Qd2 d5 9. Bh6 dxe4 10. Bxg7 Kxg7 11. Nxe4 Nxe4 12. Bxe4 Nd7 13. Ne2 Nc5 14. Bg2 Qb6 15. Qc3 f6 16. a4 Ne6 17. O-O Rd8 18. a5 Qc5 19. Qxc5 Nxc5 20. b4 Ne6 21. a6 bxa6 22. Bxc6 Rb8 23. Ra4 Nd4 24. Nxd4 Rxd4 25. Rb1 Bxh3 26. Rxa6 Rdxb4 27. Rxa7+ Kh6 28. Rxb4 Rxb4 29. Bd5 Rb2 30. Rc7 Bf5 31. Kg2 Kg5 32. Be4 Be6 33. Rc5 f5 34. Bc6 Kf6 35. f4 exf4 36. gxf4 Bb3 37. Rc3 Rxc2+ 38. Rxc2 Bxc2 39. Bb5 h6 40. d4 Be4+ 41. Kg3 g5 42. Bc4 Ke7 43. Bb3 Kd6 44. Bc4 Bd5 45. Bd3 Be6 46. Kf3 Kd5 47. Ke3 Bd7 48. Bb1 Kc4 49. Ba2+ Kc3 50. Bf7 g4 51. d5 Kc4 52. Be6 h5 53. Bxd7 Kxd5 54. Bxf5 Kd6 55. Kf2 Ke7 56. Kg3 Kf6 57. Be4 Kg7 58. Kh4 Kh6 59. Bd3 Kg7 60. Kxh5 g3 61. Be4 Kf6 62. Kg4 g2 63. Bxg2 Kg6 64. Be4+ Kf6 65. f5 Ke5 66. Kg5 Kxe4 67. f6 Kd3 68. f7 Kc2 69. f8=Q Kb1 70. Qc5 Ka2 71. Qb6 Ka3 72. Kf4 Ka2 73. Ke3 Ka3 74. Kd4 Ka2 75. Kc3 Ka3 76. Qb3# 1-0

[Event "Asian Amateur Rapid 2024"]
[Site "Al Ain"]
[Date "2024.12.15"]
[Round "3.9"]
[White "Abdulrahim, Salem"]
[Black "Alviz, Joshua Ezekiel"]
[Result "1-0"]
[ECO "C08"]
[WhiteElo "1843"]
[BlackElo "1766"]
[Annotator "NA RC"]
[PlyCount "105"]
[EventDate "2024.12.15"]
[EventType "swiss"]
[EventCountry "UAE"]
[SourceTitle "playchess.com"]
[Source "ChessBase"]
[SourceQuality "1"]
[TimeControl "900+10"]

1. e4 e6 2. d4 d5 3. Nd2 a6 4. Ngf3 c5 5. exd5 exd5 6. dxc5 Bxc5 7. Nb3 Bb6 8. Bd3 Nf6 9. O-O O-O 10. h3 Nc6 11. Bg5 h6 12. Bh4 Re8 13. Qd2 Be6 14. Rad1 Rc8 15. Rfe1 Kh8 16. Ne5 Nxe5 17. Rxe5 Bc7 18. Re2 Qd6 19. Bg3 Qd8 20. Bxc7 Rxc7 21. Rde1 Rce7 22. Qf4 Qb6 23. Qd4 Qxd4 24. Nxd4 Kg8 25. Bf5 Kf8 26. Bxe6 fxe6 27. Rxe6 Ne4 28. Rxe7 Rxe7 29. f3 Nd6 30. Rxe7 Kxe7 31. Kf2 Kf6 32. b3 Ke5 33. Ke3 g5 34. g3 Ne8 35. f4+ gxf4+ 36. gxf4+ Kf6 37. Nf3 Ke6 38. Nh4 Ng7 39. Kd4 Nh5 40. f5+ Kd6 41. f6 Nxf6 42. Nf5+ Ke6 43. Nxh6 Nh5 44. Ng4 Nf4 45. h4 b6 46. a4 Ne2+ 47. Ke3 Ng3 48. Kd3 Kf5 49. Ne3+ Ke5 50. Ng2 Nf5 51. h5 Kd6 52. Ne3 Ng7 53. h6 1-0

[Event "Asian Amateur Rapid 2024"]
[Site "Al Ain"]
[Date "2024.12.15"]
[Round "3.10"]
[White "Ghaith Saeed Alnuaimi"]
[Black "Medetuly, Nurdaulet"]
[Result "1-0"]
[ECO "E01"]
[WhiteElo "1870"]
[BlackElo "1618"]
[Annotator "NA RC"]
[PlyCount "87"]
[EventDate "2024.12.15"]
[EventType "swiss"]
[EventCountry "UAE"]
[SourceTitle "playchess.com"]
[Source "ChessBase"]
[SourceQuality "1"]
[TimeControl "900+10"]

1. Nf3 d5 2. b3 c6 3. Bb2 Nf6 4. g3 e6 5. Bg2 Bd6 6. O-O O-O 7. c4 Qe7 8. d4 Nbd7 9. Nc3 b6 10. Qc2 Bb7 11. Rad1 Rac8 12. e4 dxe4 13. Nxe4 Nxe4 14. Qxe4 Nf6 15. Qh4 Nd7 16. Qxe7 Bxe7 17. Rfe1 Rfd8 18. Re2 h6 19. a3 a5 20. Red2 f6 21. Re1 Kf7 22. Rde2 Nf8 23. Bh3 c5 24. d5 e5 25. Bxc8 Bxc8 26. Nd2 Bd6 27. Ne4 Bg4 28. Re3 Bh3 29. f4 Bc8 30. fxe5 Bxe5 31. Bxe5 fxe5 32. h4 Bg4 33. Nf2 Bc8 34. h5 g6 35. Rxe5 gxh5 36. Re7+ Kg6 37. Re8 Rd7 38. Rxc8 Nh7 39. Rc6+ Kf5 40. Rce6 Nf6 41. R1e5+ Kg6 42. Ne4 Rf7 43. d6 Kg7 44. Rxf6 1-0

[Event "Asian Amateur Rapid 2024"]
[Site "Al Ain"]
[Date "2024.12.15"]
[Round "3.11"]
[White "Daneshpour, S.A."]
[Black "Ahsan Feroz"]
[Result "1/2-1/2"]
[ECO "B07"]
[WhiteElo "1899"]
[BlackElo "1795"]
[Annotator "NA RC"]
[PlyCount "180"]
[EventDate "2024.12.15"]
[EventType "swiss"]
[EventCountry "UAE"]
[SourceTitle "playchess.com"]
[Source "ChessBase"]
[SourceQuality "1"]
[TimeControl "900+10"]

1. d4 Nf6 2. Nc3 g6 3. e4 d6 4. Nge2 Bg7 5. g3 O-O 6. Bg2 Na6 7. h3 e5 8. Be3 exd4 9. Bxd4 Re8 10. O-O Nc5 11. e5 Nfd7 12. exd6 cxd6 13. Bxg7 Kxg7 14. Qxd6 Qf6 15. Qxf6+ Nxf6 16. Rad1 Bf5 17. Nd4 Be4 18. Nxe4 Ncxe4 19. Rfe1 Rad8 20. Bxe4 Nxe4 21. Rxe4 Rxe4 22. Nf5+ gxf5 23. Rxd8 Re1+ 24. Kg2 Rb1 25. b3 Rb2 26. a4 Rxc2 27. Rd7 b6 28. Rxa7 Rb2 29. Rb7 Rxb3 30. a5 b5 31. a6 b4 32. a7 Ra3 33. h4 b3 34. Rxb3 Rxa7 35. Kf3 Ra4 36. Rb6 h5 37. Rc6 Rb4 38. Ke3 Re4+ 39. Kf3 Rb4 40. Rd6 Ra4 41. Ke3 Re4+ 42. Kd3 Ra4 43. Rd4 Ra3+ 44. Ke2 Kf6 45. Rd6+ Kg7 46. Rd3 Ra4 47. f3 Kg6 48. Rd6+ f6 49. Ke3 Ra3+ 50. Rd3 Ra4 51. Rd4 Ra5 52. Rb4 Rc5 53. Ra4 Rb5 54. Rd4 Ra5 55. Rb4 Re5+ 56. Kd3 Ra5 57. Rb3 Ra4 58. Ke3 Rc4 59. Rd3 Ra4 60. Rd2 Ra3+ 61. Kf2 Rb3 62. Kg2 Ra3 63. Rd8 Ra2+ 64. Kh3 Ra3 65. Kg2 Ra2+ 66. Kf1 Rb2 67. Rg8+ Kf7 68. Rh8 Kg6 69. Re8 Ra2 70. Re2 Ra3 71. Kg2 Rb3 72. Ra2 Rc3 73. Ra4 Rc2+ 74. Kh3 Rc3 75. f4 Rc2 76. Ra8 Rd2 77. Rg8+ Kf7 78. Ra8 Rc2 79. Ra7+ Kg6 80. Ra1 Kf7 81. Re1 Rb2 82. Rg1 Rc2 83. Rg2 Rxg2 84. Kxg2 Ke7 85. Kf2 Kd6 86. Ke2 Kd5 87. Kd3 Kc5 88. Kc3 Kd5 89. Kd3 Kc5 90. Kc3 Kd5 1/2-1/2

[Event "Asian Amateur Rapid 2024"]
[Site "Al Ain"]
[Date "2024.12.15"]
[Round "3.12"]
[White "Olimjonov, Muhammadziyo"]
[Black "Mohamed Saeed Laily"]
[Result "0-1"]
[ECO "E06"]
[WhiteElo "1505"]
[BlackElo "1984"]
[Annotator "RC"]
[PlyCount "104"]
[EventDate "2024.12.15"]
[EventType "swiss"]
[EventCountry "UAE"]
[SourceTitle "playchess.com"]
[Source "ChessBase"]
[SourceQuality "1"]
[TimeControl "900+10"]

1. c4 e6 2. g3 d5 3. cxd5 exd5 4. d4 c6 5. Nc3 Nf6 6. Bg2 Be7 7. Nf3 Bf5 8. Bf4 O-O 9. O-O Nbd7 10. Re1 Ne4 11. Nxe4 Bxe4 12. Nd2 Bxg2 13. Kxg2 Re8 14. e4 dxe4 15. Nxe4 Nb6 16. Nc5 Nd5 17. Be3 Qb6 18. Qb3 Bxc5 19. dxc5 Qxb3 20. axb3 a6 21. Bd2 f6 22. Rxe8+ Rxe8 23. Re1 Rd8 24. Ba5 Rc8 25. f4 Kf7 26. Kf3 h5 27. h3 Ne7 28. Rd1 Nd5 29. Re1 f5 30. Re5 g6 31. Ke2 Nf6 32. Kf3 Ne4 33. g4 Re8 34. Rxe8 Kxe8 35. b4 Kd7 36. g5 Ke6 37. Ke3 Kd5 38. b3 Nc3 39. Bc7 Na2 40. Ba5 Nc1 41. Bc7 Nxb3 42. Kd3 Nc1+ 43. Kc2 Ne2 44. Kd3 Nd4 45. Be5 Ne6 46. Bd6 a5 47. Kc3 axb4+ 48. Kxb4 b6 49. Be5 Nxc5 50. Kc3 Ne4+ 51. Kd3 Nxg5 52. fxg5 Kxe5 0-1

[Event "Asian Amateur Rapid 2024"]
[Site "Al Ain"]
[Date "2024.12.15"]
[Round "3.13"]
[White "Lovakov, Egor Vlad"]
[Black "Godhani Maharth"]
[Result "1-0"]
[ECO "D36"]
[WhiteElo "1763"]
[BlackElo "1798"]
[Annotator "NA RC"]
[PlyCount "55"]
[EventDate "2024.12.15"]
[EventType "swiss"]
[EventCountry "UAE"]
[SourceTitle "playchess.com"]
[Source "ChessBase"]
[SourceQuality "1"]
[TimeControl "900+10"]

1. d4 d5 2. c4 e6 3. Nc3 Nf6 4. cxd5 exd5 5. Bg5 Nbd7 6. e3 c6 7. Bd3 Be7 8. Nf3 O-O 9. Qc2 Re8 10. O-O Nf8 11. h3 Ng6 12. Ne5 Nd7 13. Bxe7 Qxe7 14. Nxg6 hxg6 15. Rae1 Nf6 16. f3 Qd6 17. Qf2 Be6 18. e4 dxe4 19. fxe4 Qd7 20. d5 Bxh3 21. gxh3 Qxh3 22. Re3 Qd7 23. dxc6 bxc6 24. Bc4 Re7 25. Rg3 Ng4 26. Bxf7+ Kh8 27. Rh3+ Nh6 28. Rxh6+ 1-0

[Event "Asian Amateur Rapid 2024"]
[Site "Al Ain"]
[Date "2024.12.15"]
[Round "3.14"]
[White "Kim, Taewoo A"]
[Black "Sendi, David V"]
[Result "0-1"]
[ECO "D43"]
[WhiteElo "1863"]
[BlackElo "1747"]
[Annotator "NA RC"]
[PlyCount "30"]
[EventDate "2024.12.15"]
[EventType "swiss"]
[EventCountry "UAE"]
[SourceTitle "playchess.com"]
[Source "ChessBase"]
[SourceQuality "1"]
[TimeControl "900+10"]

1. d4 d5 2. c4 dxc4 3. Nf3 Nf6 4. Qa4+ Nbd7 5. Nc3 e6 6. e4 c6 7. Qxc4 Be7 8. Bd3 O-O 9. O-O c5 10. e5 Nb6 11. Qb3 Nfd5 12. dxc5 Bxc5 13. Ne4 Be7 14. Bd2 Bd7 15. Rac1 Ba4 0-1

[Event "Asian Amateur Rapid 2024"]
[Site "Al Ain"]
[Date "2024.12.15"]
[Round "3.15"]
[White "Ebenezer, Joseph"]
[Black "Gong, Bonuonuo"]
[Result "0-1"]
[ECO "D02"]
[WhiteElo "1993"]
[BlackElo "1685"]
[Annotator "RC"]
[PlyCount "40"]
[EventDate "2024.12.15"]
[EventType "swiss"]
[EventCountry "UAE"]
[SourceTitle "playchess.com"]
[Source "ChessBase"]
[SourceQuality "1"]
[TimeControl "900+10"]

1. d4 Nf6 2. Nf3 d5 3. g3 c5 4. dxc5 Nc6 5. Bg2 e5 6. O-O Bxc5 7. c4 Be6 8. Qb3 Qb6 9. Nbd2 O-O 10. e3 dxc4 11. Nxc4 Qa6 12. Nfd2 b5 13. Bxc6 Qxc6 14. Nxe5 Qd6 15. Qc3 b4 16. Qd3 Qxe5 17. Nf3 Qd5 18. Qe2 Bg4 19. e4 Qh5 20. e5 Bxf3 0-1

[Event "Asian Amateur Rapid 2024"]
[Site "Al Ain"]
[Date "2024.12.15"]
[Round "3.16"]
[White "Hayder, Hassan Shyaa"]
[Black "Obado, Sean Adrich"]
[Result "1/2-1/2"]
[ECO "B22"]
[WhiteElo "1991"]
[BlackElo "1605"]
[Annotator "RC"]
[PlyCount "144"]
[EventDate "2024.12.15"]
[EventType "swiss"]
[EventCountry "UAE"]
[SourceTitle "playchess.com"]
[Source "ChessBase"]
[SourceQuality "1"]
[TimeControl "900+10"]

1. e4 c5 2. Nf3 e6 3. c3 d5 4. exd5 exd5 5. d4 cxd4 6. Nxd4 Nf6 7. Bb5+ Bd7 8. O-O Be7 9. Nd2 O-O 10. N2f3 Nc6 11. Re1 Nxd4 12. Nxd4 Bxb5 13. Nxb5 Ne4 14. f3 Bc5+ 15. Nd4 Nd6 16. b4 Bb6 17. Be3 Rc8 18. Qd3 Nc4 19. Bf2 Qc7 20. Re2 Ne5 21. Qe3 Ng6 22. Rc1 Nf4 23. Rec2 Rfe8 24. Qd2 Ne6 25. Nxe6 Bxf2+ 26. Qxf2 Rxe6 27. Qxa7 Rh6 28. g3 Rb6 29. Qa5 Qc6 30. Rd2 Rb5 31. Qa4 Qb6+ 32. Kg2 h6 33. Qb3 Rxb4 34. Qxb4 Qxb4 35. cxb4 Rxc1 36. Rxd5 Rc2+ 37. Kh3 Rxa2 38. Rd8+ Kh7 39. Rd7 Kg6 40. Rxb7 Rb2 41. g4 Kf6 42. Kg3 Rb3 43. h4 g5 44. h5 Rb2 45. b5 Kg7 46. b6 Kf6 47. Rb8 Kg7 48. Kh3 Kf6 49. b7 Kg7 50. Kg3 Rb6 51. Kf2 Rb3 52. Ke2 Kf6 53. Rh8 Rxb7 54. Rxh6+ Kg7 55. Ra6 Re7+ 56. Kf2 Re8 57. f4 Re4 58. fxg5 Rxg4 59. Ra5 f6 60. Ra7+ Kf8 61. g6 Rg5 62. Rh7 Kg8 63. Kf3 Rf5+ 64. Ke4 Rg5 65. Kf4 Kf8 66. Ke4 Kg8 67. Kf4 Kf8 68. h6 Rxg6 69. Kf5 Rg1 70. Ra7 Kg8 71. Kxf6 Rf1+ 72. Kg6 Rg1+ 1/2-1/2

[Event "Asian Amateur Rapid 2024"]
[Site "Al Ain"]
[Date "2024.12.15"]
[Round "3.17"]
[White "Ibrahim Imran Saeed"]
[Black "Khalifah, Khaled"]
[Result "0-1"]
[ECO "B28"]
[WhiteElo "1681"]
[BlackElo "1962"]
[Annotator "RC"]
[PlyCount "54"]
[EventDate "2024.12.15"]
[EventType "swiss"]
[EventCountry "UAE"]
[SourceTitle "playchess.com"]
[Source "ChessBase"]
[SourceQuality "1"]
[TimeControl "900+10"]

1. e4 c5 2. Nf3 a6 3. d4 cxd4 4. Nxd4 e5 5. Nf3 Nf6 6. Nc3 Bb4 7. Bd2 Nc6 8. Bd3 O-O 9. O-O Bxc3 10. Bxc3 Re8 11. Re1 b5 12. Qd2 Qb6 13. a3 h6 14. Nh4 d6 15. Bf1 Be6 16. Rad1 Rad8 17. Kh1 Ng4 18. Re2 Bc4 19. Rde1 d5 20. exd5 Rxd5 21. Qc1 Bxe2 22. Rxe2 Nxf2+ 23. Rxf2 Qxf2 24. Nf3 Red8 25. Qe1 Qxe1 26. Bxe1 e4 27. Ng1 Rd1 0-1

[Event "Asian Amateur Rapid 2024"]
[Site "Al Ain"]
[Date "2024.12.15"]
[Round "3.18"]
[White "Chekanov, Timur"]
[Black "Kanev, Evgeny"]
[Result "1-0"]
[ECO "B09"]
[WhiteElo "1865"]
[BlackElo "1785"]
[Annotator "NA RC"]
[PlyCount "47"]
[EventDate "2024.12.15"]
[EventType "swiss"]
[EventCountry "UAE"]
[SourceTitle "playchess.com"]
[Source "ChessBase"]
[SourceQuality "1"]
[TimeControl "900+10"]

1. e4 d6 2. d4 Nf6 3. Nc3 g6 4. f4 Bg7 5. Nf3 O-O 6. Bd3 Nfd7 7. O-O e5 8. Be3 Nc6 9. fxe5 dxe5 10. d5 Nd4 11. Ne2 c5 12. c3 Nxf3+ 13. Rxf3 b6 14. Qc2 Nf6 15. Raf1 Nxe4 16. Bxe4 f5 17. d6 fxe4 18. Rxf8+ Bxf8 19. Qxe4 Bf5 20. Qd5+ Kh8 21. Bg5 Qe8 22. Rxf5 gxf5 23. d7 Qg6 24. Qxa8 1-0

[Event "Asian Amateur Rapid 2024"]
[Site "Al Ain"]
[Date "2024.12.15"]
[Round "3.19"]
[White "Lee, Onbin"]
[Black "Sharma Pankaj"]
[Result "0-1"]
[ECO "C42"]
[WhiteElo "1686"]
[BlackElo "1861"]
[Annotator "NA RC"]
[PlyCount "94"]
[EventDate "2024.12.15"]
[EventType "swiss"]
[EventCountry "UAE"]
[SourceTitle "playchess.com"]
[Source "ChessBase"]
[SourceQuality "1"]
[TimeControl "900+10"]

1. e4 e5 2. Nf3 Nf6 3. Nxe5 d6 4. Nf3 Nxe4 5. d4 d5 6. Bd3 Nd6 7. O-O Be7 8. Ne5 O-O 9. Qh5 f5 10. c4 dxc4 11. Nxc4 g6 12. Qf3 Nc6 13. Bh6 Re8 14. Re1 Nf7 15. Be3 Bf6 16. Nc3 Nxd4 17. Bxd4 Rxe1+ 18. Rxe1 Bxd4 19. Qd5 Qxd5 20. Nxd5 c6 21. Re8+ Kg7 22. Ne7 b5 23. Na5 Bb7 24. Rxa8 Bxa8 25. Nexc6 Bxb2 26. Bxb5 Bc3 27. Nb3 a6 28. Ba4 Bb7 29. Nc5 Bc8 30. Ne7 Bb4 31. Nxc8 Bxc5 32. Kf1 Ne5 33. f3 Kf6 34. Ke2 f4 35. Bb3 g5 36. Bd5 h5 37. Bb3 g4 38. fxg4 hxg4 39. Bd5 Nd7 40. Kd3 Ke5 41. Bc6 Nf6 42. Kc4 Bg1 43. h3 gxh3 44. gxh3 Ne4 45. Kd3 Nf2+ 46. Ke2 Nxh3 47. Bb7 a5 0-1